 Dungeon Crawl Stone Soup version 0.30-a0-165-g1891117ce2 (webtiles) character file.

Game seed: 11752129332190089992

79 bladeefan the Ruffian (level 4, -5/45 HPs)
             Began as a Troll Monk on Sept 28, 2022.
             Slain by a gnoll
             ... wielding a +0 halberd
              (14 damage)
             ... on level 2 of the Dungeon.
             The game lasted 00:02:19 (1523 turns).

bladeefan the Ruffian (Troll Monk)                  Turns: 1523, Time: 00:02:20

Health: -5/45      AC:  4    Str: 21    XL:     4   Next: 16%
Magic:  3/3        EV: 10    Int:  6    God:
Gold:   97         SH:  0    Dex: 12    Spells: 3/3 levels left

rFire   . . .      SeeInvis .      - Unarmed
rCold   . . .      Faith    .    (no shield)
rNeg    . . .      Spirit   .    a - +0 robe
rPois   .          Reflect  .    (helmet restricted)
rElec   .          Harm     .    (no cloak)
rCorr   .          Rampage  .    (gloves unavailable)
Will    .....                    (boots unavailable)
Stlth   ++........               (no amulet)
HPRegen 0.95/turn                (no ring)
MPRegen 0.08/turn                (no ring)

@: no status effects
A: large, unfitting armour, claws 3, regeneration 1, shaggy fur 1, tough skin 1
a: no special abilities


You were on level 2 of the Dungeon.
You visited 1 branch of the dungeon, and saw 2 of its levels.

You collected 97 gold pieces.

Inventory:

Armour
 a - a +0 robe (worn)
Jewellery
 i - a ring of wizardry
   (You found it on level 1 of the Dungeon)
Scrolls
 d - a scroll of enchant weapon {unknown}
 e - 2 scrolls of teleportation {unknown}
 g - 3 scrolls of identify {unknown}
 h - 2 scrolls of poison {unknown}
 k - a scroll of fog {unknown}
Potions
 b - a potion of ambrosia
 c - a potion of cancellation {unknown}
 f - 3 potions of mutation {unknown}
 j - a potion of berserk rage {unknown}
 l - a potion of attraction {unknown}
 m - 3 potions of might {unknown}
 n - a potion of curing {unknown}


   Skills:
 * Level 3.4 Fighting
 + Level 2.9 Dodging
 - Level 1.0 Stealth
 + Level 3.5 Unarmed Combat


You had 3 spell levels left.
You didn't know any spells.
Your spell library was empty.

Dungeon Overview and Level Annotations

Branches:
Dungeon (2/15)

Altars:


Innate Abilities, Weirdness & Mutations

You are too large for most types of armour.
You have claws for hands.
Your natural rate of healing is unusually fast.
You are covered in fur. (AC +1)
You have tough skin. (AC +1)


Message History

No target in view!
No target in view!
No target in view!
No target in view!
No target in view!
There is an open door here.
Things that are here:
a jackal corpse; a jackal corpse
Found 7 stones.
m - 3 lumpy ruby potions (gained 1)
You open the door.
There is an open door here.
Key pressed, stopping explore.
Key pressed, stopping explore.
Key pressed, stopping explore.
There is an escape hatch in the ceiling here.
You see here a +0 chain mail. 2 gnolls come into view.
The gnoll shouts! x2
A worm comes into view.
The gnoll hits you with a +0 club. The gnoll hits you but does no damage.
You closely miss the gnoll. The gnoll barely misses you.
The gnoll hits you but does no damage.
You scratch the gnoll but do no damage. The gnoll hits you but does no damage.
The gnoll barely misses you.
You scratch the gnoll but do no damage. The gnoll barely misses you.
A gnoll comes into view. It is wielding a +0 club.
The gnoll barely misses you.
The gnoll shouts!
You claw the gnoll! The gnoll hits you with a +0 club.
The gnoll closely misses you.
You barely miss the gnoll. The gnoll hits you with a +0 club.
The gnoll hits you from afar with a +0 halberd.
You scratch the gnoll.
You kill the gnoll!
The gnoll closely misses you.
You have reached level 4!
You scratch the worm.
The gnoll hits you from afar with a +0 halberd!
* * * LOW HITPOINT WARNING * * *
You scratch the worm. You scratch the worm. The worm bites you!
* * * LOW HITPOINT WARNING * * *
The gnoll closely misses you.
You claw the worm!
You kill the worm!
The gnoll hits you from afar with a +0 halberd!
* * * LOW HITPOINT WARNING * * *
The gnoll hits you with a +0 halberd!
You die...

##.#.###.# ##.##
#.# ### #.# #.# ##
#.# #.# #.# #.#
##### ###.###.#
....# #......##
###.# #....##@##
##.######.....##g#
#............####g#
#..########.## ...
#..# #.# #####
##..# #.# #.. ....#
##+## #.# ##.#####
##...## #.#
.......###.....##
#.#


You could see 2 gnolls.

Vanquished Creatures
  A gnoll (D:2)
  An adder (D:2)
  2 worms (D:2)
  5 ball pythons
  7 endoplasms
  6 giant cockroaches
  A goblin (D:2)
  10 hobgoblins
  3 jackals (D:2)
  A quokka (D:1)
  2 bats (D:1)
  5 frilled lizards
  3 kobolds
  3 rats
50 creatures vanquished.

Notes
Turn   | Place    | Note
-------+----------+-------------------------------------------
     0 | D:1      | bladeefan the Troll Monk began the quest for the Orb.
     0 | D:1      | Reached XP level 1. HP: 22/22 MP: 0/0
   126 | D:1      | Reached XP level 2. HP: 27/29 MP: 1/1
   477 | D:1      | Found a faded altar of an unknown god.
   528 | D:1      | Reached XP level 3. HP: 37/37 MP: 2/2
  1517 | D:2      | Reached XP level 4. HP: 31/45 MP: 3/3
  1523 | D:2      | Slain by a gnoll

Illustrated notes

Levels and vault maps discovered:
D:1:      amcnicky_arrival_gap_in_the_tavern_cellar, layout_loops_ring,
          shapermc_ecumenical_altar_mp_vishouse, minmay_tromino_v2
D:2:      layout_loops_corners

Skill      XL: |  1  2 |
---------------+-------+-----
Fighting       | 3 |  3.4
Dodging        | |  2.9
Stealth        | |  1.0
Unarmed Combat | |  3.5

Action                   |  1- 3 |  4- 6 || total
-------------------------+-------+-------++-------
Melee: Unarmed           |   115 |     4 ||   119
       Punch             |     2 |       ||     2
Armor: Robe              |    29 |       ||    29
Dodge: Dodged            |    50 |     1 ||    51

Table legend: (Time is in decaauts)
 A = Elapsed time spent in this place.
 B = Non-inter-level travel time spent in this place.
 C = Inter-level travel time spent in this place.
 D = Time resting spent in this place.
 E = Time spent auto-exploring this place.
 F = Levels seen in this place.
 G = Mean time per level.
                   A        B        C        D        E       F      G
               +--------+--------+--------+--------+--------+-----+--------+
         Total |   1515 |   1497 |     18 |      0 |   1195 |   2 |  757.5 |
       Dungeon |   1515 |   1497 |     18 |      0 |   1195 |   2 |  757.5 |
               +--------+--------+--------+--------+--------+-----+--------+

Top non-repeatable levels by time:
     D:1: 763 daAuts
     D:2: 751 daAuts
